 Dungeon Crawl Stone Soup version 0.29.0-11-gd7f09526c8 (webtiles) character file.

Game seed: 6419407893806319971

774 xian the Cudgeller (level 7, -15/68 HPs)
             Began as a Troll Delver on Sept 3, 2022.
             Killed from afar by Dowan (28 damage)
             ... with a shard of ice
             ... on level 5 of the Dungeon.
             The game lasted 00:05:10 (906 turns).

xian the Cudgeller (Troll Delver)                    Turns: 906, Time: 00:05:11

Health: -15/68     AC:  6    Str: 23    XL:     7   Next: 53%
Magic:  6/6        EV: 10    Int:  6    God:
Gold:   40         SH:  0    Dex: 11    Spells: 6/6 levels left

rFire   . . .      SeeInvis .   l - +1 mace (vorpal)
rCold   . . .      Faith    .   (no shield)
rNeg    . . .      Spirit   .   e - +0 troll leather armour {Pargi}
rPois   .          Reflect  .   (helmet restricted)
rElec   .          Harm     .   (no cloak)
rCorr   .          Rampage  .   (gloves unavailable)
Will    .....                   (boots unavailable)
Stlth   ++........              (no amulet)
HPRegen 1.81/turn               (no ring)
MPRegen 0.10/turn               (no ring)

@: invisible
A: large, unfitting armour, claws 3, regeneration 1, shaggy fur 1, tough skin 1
a: no special abilities


You were on level 5 of the Dungeon.
You visited 1 branch of the dungeon, and saw 1 of its levels.
You also visited: Sewer.

You collected 40 gold pieces.

Inventory:

Hand Weapons
 l - a +1 vorpal mace (weapon)
Missiles
 a - 3 poisoned darts (quivered)
Armour
 b - a +0 robe
 e - a +0 troll leather armour (worn) {Pargi}
Wands
 g - a wand of digging (3)
Scrolls
 c - 2 scrolls of fog
 d - a scroll of magic mapping
 f - a scroll of identify {unknown}
Potions
 h - 2 potions of heal wounds {unknown}
 i - a potion of brilliance {unknown}
 j - 2 potions of invisibility
 k - a potion of curing


   Skills:
 + Level 3.9 Fighting
 + Level 4.7 Maces & Flails
 + Level 2.2 Armour
 + Level 3.6 Dodging
 - Level 3.2 Stealth


You had 6 spell levels left.
You didn't know any spells.
Your spell library contained the following spells:

 Spells                   Type           Power      Damage    Failure   Level
 Confusing Touch          Hex            0%         N/A       86%         3
 Yara's Violent Unravell  Hex/Tmut       0%         3d3       100%        5
 Enfeeble                 Hex            0%         N/A       100%        7


Dungeon Overview and Level Annotations

Branches:
Dungeon (5/15)              Sewer (visited)
 Temple: D:4-7

Altars:

Shops:
D:5 [

Annotations:
D:5 Dowan


Innate Abilities, Weirdness & Mutations

You are too large for most types of armour.
You have claws for hands.
Your natural rate of healing is unusually fast.
You are covered in fur. (AC +1)
You have tough skin. (AC +1)


Message History

Dowan is moderately wounded.
Duvessa closely misses you. Dowan closely misses you.
You hit Dowan.
Dowan is heavily wounded.
Dowan hits you with a +0 dagger. Duvessa hits you with a +0 rapier.
* * * LOW HITPOINT WARNING * * *
You barely miss Dowan.
Dowan is heavily wounded.
Duvessa hits you with a +0 rapier.
* * * LOW HITPOINT WARNING * * *
Dowan drinks a potion.
Dowan is healed!
You hit Dowan.
Dowan is moderately wounded.
Duvessa hits you with a +0 rapier.
* * * LOW HITPOINT WARNING * * *
Dowan barely misses you.
Unknown command.
It was a potion of invisibility.
You fade into invisibility!
Dowan hits you but does no damage. Duvessa barely misses you.
You hit Duvessa.
You kill Duvessa!
Dowan's eyes darken. "You have made a black mistake."
You closely miss Dowan.
Dowan shouts!
Dowan is moderately wounded.
Dowan barely misses you.
You hit Dowan.
Dowan is heavily wounded.
Dowan barely misses you.
You closely miss Dowan.
Dowan is heavily wounded.
Dowan gestures at you while chanting. The shard of ice hits you!!
* * * LOW HITPOINT WARNING * * *
You hit Dowan.
Dowan is severely wounded.
Dowan points at you and mumbles some strange words.
The shard of ice hits you!!
You die...

#.........# #.#######.#
####.#######.#
#..........#.#
#.<...####.#.#######
#.##..# #..$......# ####
#.##..# ###$#####.# ...#
#.##..######.#
##.###.##.......@)#
.......##........e......#
.......###.############.#
##.#...########
...............
##.#...##########
##.##..~~~~~~~.~#
.......##########
######.........#


You could see Dowan (unable to see you).

Vanquished Creatures
  Duvessa (D:5)
  Pargi (Sewer)
  2 black bears (D:5)
  An ogre (D:5)
  2 necrophages (D:5)
  A hound (D:5)
  A jelly (D:5)
  2 orc priests (D:5)
  5 adders
  An ufetubus (D:5)
  2 dart slugs (D:5)
  7 orcs (D:5)
  A quokka (D:5)
  2 ball pythons (Sewer)
  4 frilled lizards (Sewer)
33 creatures vanquished.

Notes
Turn   | Place    | Note
-------+----------+-------------------------------------------
     0 | D:5      | xian the Troll Delver began the quest for the Orb.
     0 | D:5      | Reached XP level 1. HP: 22/22 MP: 0/0
    14 | D:5      | Noticed an orc priest
    30 | D:5      | Killed an orc priest
    31 | D:5      | Reached XP level 2. HP: 29/29 MP: 1/1
    31 | D:5      | Reached XP level 3. HP: 36/36 MP: 2/2
    44 | D:5      | Reached skill level 2 in Maces & Flails
    48 | D:5      | Found a glowing drain.
    62 | Sewer    | Entered a sewer
   146 | Sewer    | Noticed Pargi
   242 | Sewer    | Reached XP level 4. HP: 29/44 MP: 3/3
   326 | Sewer    | Killed Pargi
   327 | Sewer    | Reached skill level 3 in Maces & Flails
   327 | Sewer    | Reached XP level 5. HP: 27/53 MP: 4/4
   456 | D:5      | Noticed a black bear
   461 | D:5      | Reached XP level 6. HP: 61/61 MP: 5/5
   476 | D:5      | Reached skill level 1 in Armour
   557 | D:5      | Reached skill level 4 in Maces & Flails
   567 | D:5      | Found Nus Jiel's Antique Armour Shoppe.
   593 | D:5      | Reached XP level 7. HP: 67/67 MP: 6/6
   873 | D:5      | Noticed Duvessa
   879 | D:5      | Noticed Dowan
   896 | D:5      | Killed Duvessa
   906 | D:5      | Killed from afar by Dowan

Illustrated notes

Levels and vault maps discovered:
D:5:      layout_loops_ring, portal_sewer_entry_d, serial_shops, shop,
          uniq_duvessa

Skill      XL: |  1  2  3  4  5  6  7 |
---------------+----------------------+-----
Stealth        | 3 |  3.2
Maces & Flails | 2 3 4 |  4.7
Dodging        | 2 3 |  3.6
Fighting       | 3 |  3.9
Armour         | 1 2 |  2.2

Action                   |  1- 3 |  4- 6 |  7- 9 || total
-------------------------+-------+-------+-------++-------
Melee: Mace              |    72 |    99 |    46 ||   217
       Punch             |       |       |     1 ||     1
  Use: Scroll            |     1 |     1 |       ||     2
       Potion            |       |     1 |     1 ||     2
 Stab: Sleeping          |       |     1 |     1 ||     2
Armor: Robe              |    52 |    18 |       ||    70
       Troll leather arm |       |    48 |    29 ||    77
Dodge: Dodged            |    56 |    61 |    53 ||   170
